Map: Prion Terraces

Players

Honor - Winner!

  • Race: Protoss Protoss
  • League: Master

A.I. 1 (Elite)

  • Race: Protoss Protoss

VOD

Have the link to the VOD?

Description

Time

  • Played on: Nov. 30, 2015, 12:50 p.m.
  • Length: 7:15
Show
View Real Time Build Order
Export as new Build Order

Honor Protoss - Winner!

Build Orders: Mass Adepts 

Get SALT Encoding   

  12  0:01  Probe (Chrono Boost)  
  13  0:12  Probe (Chrono Boost)  
  14  0:18  Pylon  
  14  0:22  Probe (Chrono Boost)  
  15  0:36  Probe (Chrono Boost)  
  15  0:37  Gateway  
  16  0:42  Assimilator  
  16  0:46  Probe (Chrono Boost)  
  17  0:56  Assimilator  
  18  0:57  Probe (Chrono Boost)  
  18  1:07  Probe (Chrono Boost)  
  18  1:09  Pylon  
  19  1:18  Probe (Chrono Boost)  
  20  1:26  Cybernetics Core  
  20  1:31  Zealot (Chrono Boost)  
  22  2:02  Warp Gate (Chrono Boost)  
  22  2:04  Mothership Core  
  22  2:05  Stalker  
  26  2:13  Robotics Facility  
  26  2:23  Pylon  
  26  2:35  Stalker  
  28  2:48  Gateway  
  28  2:49  Gateway  
  28  2:56  Gateway  
  28  3:09  Warp Prism (Chrono Boost)  
  30  3:14  Sentry  
  32  3:20  Pylon  
  32  3:45  Observer (Chrono Boost)  
  33  3:52  Adept x4  
  41  3:58  Pylon  
  41  4:15  Adept x3  
  47  4:21  Adept  
  49  4:30  Pylon  
  47  4:39  Adept  
  47  4:42  Adept  
  49  4:48  Adept  
  51  4:57  Adept  
  53  5:02  Adept  
  55  5:08  Adept  
  57  5:14  Adept  
  57  5:21  Adept  
  61  5:28  Pylon  
  61  5:34  Adept  
  63  5:41  Adept  
  61  5:47  Adept  
  63  5:54  Adept  
  63  6:00  Adept  
  61  6:06  Adept  
  59  6:14  Adept  
  59  6:21  Adept  
  59  6:29  Adept  
Show
View Real Time Build Order
Export as new Build Order

A.I. 1 (Elite) Protoss 

Build Orders:  

Get SALT Encoding   

  12  0:01  Probe (Chrono Boost)  
  13  0:11  Probe (Chrono Boost)  
  14  0:21  Pylon  
  14  0:22  Probe (Chrono Boost)  
  15  0:39  Probe (Chrono Boost)  
  16  0:47  Assimilator  
  17  0:50  Gateway, Probe (Chrono Boost)  
  17  0:59  Pylon  
  17  1:00  Probe (Chrono Boost)  
  18  1:11  Probe (Chrono Boost)  
  19  1:21  Probe (Chrono Boost)  
  20  1:32  Probe (Chrono Boost)  
  21  1:34  Zealot  
  21  1:37  Gateway  
  21  1:39  Cybernetics Core  
  23  1:44  Probe (Chrono Boost)  
  24  1:49  Pylon  
  24  1:55  Probe (Chrono Boost)  
  24  2:00  Zealot  
  25  2:06  Probe (Chrono Boost)  
  28  2:13  Warp Gate  
  28  2:14  Assimilator  
  28  2:18  Probe (Chrono Boost)  
  29  2:25  Adept  
  29  2:26  Adept  
  29  2:29  Probe (Chrono Boost)  
  34  2:39  Pylon  
  34  2:41  Probe (Chrono Boost)  
  36  2:51  Sentry  
  36  2:53  Probe (Chrono Boost)  
  36  2:56  Adept  
  40  3:05  Probe (Chrono Boost)  
  41  3:16  Probe (Chrono Boost)  
  41  3:17  Nexus  
  41  3:24  Stalker  
  44  3:27  Probe (Chrono Boost)  
  44  3:40  Probe (Chrono Boost)  
  45  3:46  Robotics Facility  
  45  3:51  Probe (Chrono Boost)  
  46  4:02  Probe (Chrono Boost)  
  47  4:04  Pylon  
  47  4:22  Adept  
  47  4:23  Probe (Chrono Boost)  
  50  4:28  Adept  
  50  4:29  Probe (Chrono Boost)  
  53  4:34  Probe (Chrono Boost)  
  50  4:40  Probe (Chrono Boost)  
  50  4:41  Adept  
  46  4:46  Probe (Chrono Boost)  
  46  4:48  Adept  
  46  4:52  Probe (Chrono Boost)  
  43  4:57  Probe (Chrono Boost)  
  40  5:00  Zealot  
  40  5:04  Mothership Core (Chrono Boost)  
  40  5:06  Adept  
  43  5:08  Pylon  
  43  5:13  Immortal  
  41  5:18  Stalker  
  45  5:25  Twilight Council  
  45  5:33  Cybernetics Core  
  45  5:38  Zealot  
  36  6:24  Templar Archives, Gateway  
  34  6:33  Pylon  
Tags
 
Composition
Mass Adepts
League
Master
Matchup
PvP
Add a new tag
Caveats
  • Supply blocks, unpowered buildings, or Contaminate may cause inaccurate times.
  • Supply counts are checked every 10 seconds.